[ AOE2 MATCH · #468985129 ]
Team RMJapanese vs Ethiopians
[ REPLAY ANALYSIS · EXTRACTED FROM THE RECORDED GAME ]
Feudal
9:45
Castle
24:51
Imperial
—
| APM avg | 48.2 |
| APM peak | 105 |
| eAPM avg | 22.9 |
| Villagers / military | 79 / 83 |
Focus
⚔️ 42.7% · 🌾 57.3%
Samurai ×48 · Archer ×16 · Militia ×8 · Battering Ram ×8 · Monk ×2 · Spearman ×1
Feudal
9:25
Castle
23:51
Imperial
—
| APM avg | 40.7 |
| APM peak | 81 |
| eAPM avg | 18.3 |
| Villagers / military | 44 / 54 |
Focus
⚔️ 25.6% · 🌾 74.4%
Archer ×31 · Skirmisher ×18 · Mangonel ×4 · Battering Ram ×1
Feudal
10:20
Castle
25:54
Imperial
—
| APM avg | 38.3 |
| APM peak | 122 |
| eAPM avg | 14.4 |
| Villagers / military | 75 / 43 |
Focus
⚔️ 22.2% · 🌾 77.8%
Knight ×27 · Scout Cavalry ×16
Feudal
9:23
Castle
—
Imperial
—
| APM avg | 22.6 |
| APM peak | 61 |
| eAPM avg | 7.3 |
| Villagers / military | 20 / 11 |
Focus
⚔️ 17.0% · 🌾 83.0%
Archer ×10 · Spearman ×1
Feudal
9:26
Castle
25:11
Imperial
—
| APM avg | 27.4 |
| APM peak | 56 |
| eAPM avg | 18.1 |
| Villagers / military | 70 / 17 |
Focus
⚔️ 29.8% · 🌾 70.2%
War Wagon ×11 · Iron Pagoda ×4 · Monk ×2
Feudal
10:08
Castle
28:29
Imperial
—
| APM avg | 38.2 |
| APM peak | 92 |
| eAPM avg | 16.9 |
| Villagers / military | 46 / 81 |
Focus
⚔️ 35.0% · 🌾 65.0%
Scout Cavalry ×41 · Obuch ×19 · Spearman ×19 · Knight ×2
Match map
Resources at game start + every placement click. Thick line = wall · dashed box = detected house wall. 🟡 gold · ⚪ stone · 🟢 berries · 🔶 boar · ⭕ relic
Inputs per minute
— Feathers McGraw - - THSs | KarlStrange
Build order — Feathers McGraw
First 150 of 236 actions detected
| 0:01 | Create | Villager (Male) |
| 0:01 | Create | Villager (Male) |
| 0:02 | Create | Villager (Male) |
| 0:02 | Create | Villager (Male) |
| 0:02 | Create | Villager (Male) |
| 0:03 | Build | House |
| 0:05 | Build | House |
| 1:40 | Create | Villager (Male) |
| 2:10 | Create | Villager (Male) |
| 2:10 | Create | Villager (Male) |
| 2:12 | Build | Lumber Camp |
| 2:20 | Create | Villager (Male) |
| 2:43 | Create | Villager (Male) |
| 3:13 | Build | House |
| 3:14 | Build | House |
| 3:19 | Create | Villager (Male) |
| 3:27 | Create | Villager (Male) |
| 4:11 | Create | Villager (Male) |
| 4:20 | Build | Mill |
| 4:33 | Create | Villager (Male) |
| 4:56 | Create | Villager (Male) |
| 5:20 | Create | Villager (Male) |
| 5:36 | Build | Barracks |
| 5:44 | Create | Villager (Male) |
| 6:08 | Create | Villager (Male) |
| 6:08 | Create | Villager (Male) |
| 6:08 | Research | Loom |
| 6:20 | Build | House |
| 7:13 | Build | Mining Camp |
| 7:29 | Research | Feudal Age |
| 7:51 | Create | Militia |
| 8:13 | Create | Militia |
| 8:38 | Create | Militia |
| 8:51 | Create | Militia |
| 8:55 | Build | Palisade Wall |
| 8:55 | Build | Palisade Wall |
| 9:20 | Create | Villager (Male) |
| 9:45 | Age | Feudal Age |
| 9:46 | Research | Man-at-Arms (upgrade) |
| 9:58 | Research | Double-Bit Axe |
| 10:01 | Research | Horse Collar |
| 10:04 | Build | Archery Range |
| 10:07 | Create | Villager (Male) |
| 10:18 | Build | House |
| 10:37 | Create | Villager (Male) |
| 10:55 | Research | Arson |
| 11:07 | Build | Farm |
| 11:08 | Build | Farm |
| 11:13 | Create | Archer |
| 11:14 | Create | Archer |
| 11:26 | Create | Villager (Male) |
| 11:55 | Create | Archer |
| 12:00 | Build | Blacksmith |
| 12:06 | Create | Villager (Male) |
| 12:09 | Build | Farm |
| 12:23 | Create | Archer |
| 12:27 | Create | Villager (Male) |
| 12:28 | Build | Farm |
| 12:41 | Build | House |
| 12:55 | Build | Farm |
| 12:55 | Create | Villager (Male) |
| 13:01 | Create | Archer |
| 13:17 | Build | Farm |
| 13:26 | Research | Fletching |
| 13:49 | Create | Archer |
| 14:00 | Create | Villager (Male) |
| 14:15 | Build | House |
| 14:16 | Build | House |
| 14:20 | Create | Archer |
| 14:21 | Create | Militia |
| 14:24 | Create | Villager (Male) |
| 14:27 | Build | Farm |
| 14:27 | Build | Farm |
| 14:32 | Build | Farm |
| 14:53 | Build | Farm |
| 14:59 | Create | Villager (Male) |
| 15:11 | Build | Farm |
| 15:27 | Create | Villager (Male) |
| 15:29 | Create | Militia |
| 15:35 | Create | Archer |
| 15:52 | Create | Archer |
| 15:53 | Create | Villager (Male) |
| 16:06 | Create | Villager (Male) |
| 16:09 | Build | Farm |
| 16:10 | Build | Farm |
| 16:13 | Build | Farm |
| 16:18 | Create | Militia |
| 16:19 | Create | Villager (Male) |
| 16:29 | Build | House |
| 16:30 | Build | House |
| 16:40 | Create | Archer |
| 16:45 | Create | Villager (Male) |
| 16:58 | Research | Scale Mail Armor |
| 17:03 | Create | Archer |
| 17:12 | Create | Villager (Male) |
| 17:15 | Create | Militia |
| 17:19 | Build | Farm |
| 17:22 | Build | Farm |
| 17:23 | Build | Farm |
| 17:43 | Create | Archer |
| 18:16 | Create | Villager (Male) |
| 18:17 | Build | Farm |
| 18:18 | Build | Farm |
| 18:18 | Build | Farm |
| 18:18 | Build | Farm |
| 18:18 | Build | Farm |
| 18:27 | Create | Archer |
| 18:49 | Research | Padded Archer Armor |
| 18:50 | Create | Villager (Male) |
| 19:10 | Create | Villager (Male) |
| 19:11 | Build | Farm |
| 19:12 | Build | Farm |
| 19:13 | Build | Farm |
| 19:13 | Build | Farm |
| 19:40 | Create | Spearman |
| 19:41 | Create | Villager (Male) |
| 19:57 | Create | Villager (Male) |
| 20:02 | Build | Farm |
| 20:07 | Create | Villager (Male) |
| 20:11 | Build | Mining Camp |
| 20:16 | Create | Archer |
| 20:23 | Build | Farm |
| 20:38 | Create | Archer |
| 20:40 | Create | Villager (Male) |
| 20:45 | Research | Wheelbarrow |
| 21:18 | Create | Villager (Male) |
| 21:23 | Create | Archer |
| 21:58 | Create | Villager (Male) |
| 22:00 | Research | Castle Age |
| 22:03 | Research | Gold Mining |
| 22:05 | Research | Stone Mining |
| 22:18 | Create | Villager (Male) |
| 23:11 | Build | Market |
| 23:13 | Build | House |
| 23:29 | Research | Town Watch |
| 23:30 | Create | Villager (Male) |
| 23:54 | Research | Forging |
| 24:05 | Build | House |
| 24:09 | Build | Palisade Wall |
| 24:11 | Build | Building 800 |
| 24:51 | Age | Castle Age |
| 25:01 | Build | Castle |
| 25:07 | Build | Siege Workshop |
| 25:12 | Research | Chain Mail Armor |
| 25:12 | Research | Iron Casting |
| 25:14 | Research | Squires |
| 25:14 | Research | Gambesons |
| 25:17 | Research | Bow Saw |
| 25:20 | Research | Heavy Plow |
| 25:26 | Create | Villager (Male) |
Build order — THSs | KarlStrange
First 150 of 168 actions detected
| 0:00 | Create | Villager (Male) |
| 0:01 | Create | Villager (Male) |
| 0:01 | Create | Villager (Male) |
| 0:03 | Build | House |
| 0:04 | Build | House |
| 0:17 | Create | Villager (Male) |
| 1:29 | Create | Villager (Male) |
| 1:54 | Create | Villager (Male) |
| 2:17 | Build | Lumber Camp |
| 2:21 | Create | Villager (Male) |
| 2:43 | Create | Villager (Male) |
| 3:05 | Create | Villager (Male) |
| 3:05 | Create | Villager (Male) |
| 3:05 | Create | Villager (Male) |
| 3:26 | Create | Villager (Male) |
| 3:50 | Build | House |
| 4:20 | Create | Villager (Male) |
| 4:22 | Build | House |
| 4:27 | Create | Villager (Male) |
| 4:48 | Build | Mill |
| 5:21 | Create | Villager (Male) |
| 5:41 | Create | Villager (Male) |
| 5:59 | Create | Villager (Male) |
| 6:21 | Build | Mining Camp |
| 6:28 | Research | Loom |
| 7:15 | Research | Feudal Age |
| 7:48 | Build | Barracks |
| 8:09 | Build | House |
| 9:25 | Age | Feudal Age |
| 9:27 | Build | Archery Range |
| 9:30 | Create | Villager (Male) |
| 9:32 | Research | Double-Bit Axe |
| 9:53 | Create | Villager (Male) |
| 10:15 | Create | Archer |
| 10:15 | Create | Archer |
| 10:20 | Build | Blacksmith |
| 10:34 | Create | Villager (Male) |
| 10:39 | Create | Archer |
| 10:53 | Create | Villager (Male) |
| 11:06 | Build | House |
| 11:13 | Research | Fletching |
| 11:21 | Create | Archer |
| 11:46 | Build | Farm |
| 11:48 | Create | Villager (Male) |
| 12:11 | Create | Archer |
| 12:12 | Create | Villager (Male) |
| 12:17 | Create | Archer |
| 12:20 | Build | Watch Tower |
| 12:23 | Build | Farm |
| 12:24 | Build | Farm |
| 12:31 | Create | Archer |
| 12:45 | Build | Farm |
| 12:46 | Create | Villager (Male) |
| 12:50 | Create | Archer |
| 13:14 | Build | House |
| 13:16 | Create | Archer |
| 13:18 | Build | Farm |
| 13:39 | Create | Archer |
| 13:43 | Build | House |
| 13:46 | Create | Villager (Male) |
| 14:02 | Create | Archer |
| 14:06 | Build | Archery Range |
| 14:10 | Build | Market |
| 14:11 | Create | Villager (Male) |
| 14:24 | Build | Farm |
| 14:44 | Create | Archer |
| 14:47 | Create | Villager (Male) |
| 14:54 | Build | Farm |
| 14:58 | Build | Farm |
| 15:08 | Create | Archer |
| 15:12 | Build | Farm |
| 15:39 | Create | Archer |
| 15:45 | Build | Farm |
| 15:46 | Build | Farm |
| 15:52 | Create | Villager (Male) |
| 16:14 | Create | Archer |
| 16:16 | Build | Farm |
| 16:18 | Build | Farm |
| 16:22 | Create | Villager (Male) |
| 16:25 | Build | Farm |
| 16:34 | Create | Archer |
| 16:48 | Build | Farm |
| 16:56 | Research | Wheelbarrow |
| 17:43 | Build | Watch Tower |
| 17:57 | Create | Villager (Male) |
| 18:05 | Create | Archer |
| 18:36 | Create | Villager (Male) |
| 19:01 | Create | Villager (Male) |
| 19:05 | Build | Farm |
| 19:10 | Create | Villager (Male) |
| 19:13 | Build | House |
| 19:14 | Build | House |
| 19:29 | Build | Farm |
| 19:33 | Research | Town Watch |
| 20:06 | Create | Archer |
| 20:15 | Create | Villager (Male) |
| 20:56 | Create | Archer |
| 20:59 | Build | Farm |
| 21:02 | Create | Archer |
| 21:06 | Create | Archer |
| 21:11 | Research | Castle Age |
| 21:19 | Build | Palisade Wall |
| 21:49 | Create | Archer |
| 21:49 | Create | Archer |
| 22:19 | Build | Archery Range |
| 22:35 | Build | House |
| 22:38 | Build | Palisade Wall |
| 22:41 | Create | Archer |
| 23:08 | Build | Lumber Camp |
| 23:21 | Build | Farm |
| 23:25 | Research | Horse Collar |
| 23:36 | Research | Gold Mining |
| 23:51 | Age | Castle Age |
| 23:57 | Build | Siege Workshop |
| 23:59 | Research | Crossbowman (upgrade) |
| 24:06 | Create | Villager (Male) |
| 24:11 | Build | House |
| 24:24 | Build | House |
| 24:45 | Create | Battering Ram |
| 24:53 | Build | Farm |
| 24:59 | Build | Farm |
| 25:05 | Create | Villager (Male) |
| 25:06 | Create | Villager (Male) |
| 25:06 | Create | Villager (Male) |
| 25:20 | Create | Villager (Male) |
| 25:20 | Create | Villager (Male) |
| 26:02 | Create | Mangonel |
| 26:04 | Create | Villager (Male) |
| 26:25 | Create | Archer |
| 26:26 | Create | Archer |
| 27:18 | Create | Archer |
| 27:39 | Build | Mill |
| 27:54 | Research | Hand Cart |
| 27:55 | Create | Archer |
| 27:56 | Create | Archer |
| 28:13 | Build | Mining Camp |
| 28:16 | Build | Mining Camp |
| 28:17 | Create | Archer |
| 28:18 | Create | Archer |
| 28:38 | Research | Elite Skirmisher (upgrade) |
| 29:09 | Build | Archery Range |
| 29:16 | Build | Siege Workshop |
| 29:19 | Create | Villager (Male) |
| 29:19 | Create | Villager (Male) |
| 29:33 | Research | Bow Saw |
| 29:37 | Create | Villager (Male) |
| 29:44 | Research | Stone Mining |
| 30:00 | Create | Mangonel |
| 30:14 | Build | House |
| 30:15 | Build | House |
Build order — Lord_Juanuribe
First 150 of 202 actions detected
| 0:00 | Create | Villager (Male) |
| 0:01 | Create | Villager (Male) |
| 0:01 | Create | Villager (Male) |
| 0:01 | Create | Villager (Male) |
| 0:02 | Build | House |
| 0:04 | Build | House |
| 1:24 | Create | Villager (Male) |
| 1:49 | Build | Lumber Camp |
| 2:06 | Create | Villager (Male) |
| 2:17 | Create | Villager (Male) |
| 2:55 | Create | Villager (Male) |
| 2:55 | Create | Villager (Male) |
| 3:34 | Create | Villager (Male) |
| 3:34 | Create | Villager (Male) |
| 3:35 | Create | Villager (Male) |
| 4:20 | Build | Mill |
| 4:26 | Create | Villager (Male) |
| 4:26 | Create | Villager (Male) |
| 4:26 | Create | Villager (Male) |
| 4:55 | Build | House |
| 5:25 | Create | Villager (Male) |
| 5:48 | Build | Mill |
| 5:57 | Create | Villager (Male) |
| 6:19 | Create | Villager (Male) |
| 6:42 | Research | Loom |
| 8:10 | Research | Feudal Age |
| 9:16 | Build | Barracks |
| 9:22 | Build | House |
| 10:14 | Create | Villager (Male) |
| 10:20 | Age | Feudal Age |
| 10:34 | Build | Stable |
| 10:39 | Create | Villager (Male) |
| 10:52 | Build | Palisade Wall |
| 11:19 | Build | Palisade Wall |
| 11:24 | Build | House |
| 11:35 | Build | Farm |
| 11:35 | Create | Villager (Male) |
| 11:37 | Create | Villager (Male) |
| 11:38 | Create | Scout Cavalry |
| 11:38 | Create | Scout Cavalry |
| 11:38 | Create | Scout Cavalry |
| 11:39 | Create | Scout Cavalry |
| 11:39 | Create | Scout Cavalry |
| 11:39 | Create | Scout Cavalry |
| 12:22 | Build | Building 800 |
| 12:27 | Build | Farm |
| 12:33 | Create | Villager (Male) |
| 12:58 | Create | Villager (Male) |
| 13:01 | Build | Farm |
| 13:08 | Build | Farm |
| 13:24 | Create | Villager (Male) |
| 13:29 | Build | House |
| 15:35 | Create | Villager (Male) |
| 15:35 | Create | Villager (Male) |
| 15:36 | Create | Villager (Male) |
| 15:38 | Create | Scout Cavalry |
| 15:38 | Create | Scout Cavalry |
| 15:39 | Create | Scout Cavalry |
| 15:55 | Build | Blacksmith |
| 15:58 | Create | Villager (Male) |
| 16:00 | Create | Scout Cavalry |
| 16:00 | Create | Scout Cavalry |
| 16:17 | Create | Villager (Male) |
| 16:20 | Create | Scout Cavalry |
| 16:36 | Build | Farm |
| 16:54 | Build | Farm |
| 16:55 | Build | Farm |
| 16:58 | Build | Farm |
| 17:00 | Build | Farm |
| 17:01 | Build | Farm |
| 17:02 | Build | Farm |
| 17:04 | Build | Farm |
| 17:08 | Create | Scout Cavalry |
| 17:23 | Build | House |
| 17:25 | Build | House |
| 17:34 | Build | Farm |
| 17:40 | Create | Scout Cavalry |
| 18:26 | Build | Farm |
| 18:27 | Build | Farm |
| 18:30 | Build | Farm |
| 18:34 | Build | Farm |
| 18:37 | Build | Farm |
| 18:43 | Create | Scout Cavalry |
| 18:43 | Create | Scout Cavalry |
| 19:05 | Create | Villager (Male) |
| 19:06 | Create | Villager (Male) |
| 19:07 | Create | Villager (Male) |
| 19:11 | Build | Farm |
| 19:41 | Build | House |
| 19:43 | Build | House |
| 19:46 | Build | Farm |
| 20:17 | Create | Villager (Male) |
| 20:24 | Build | Mining Camp |
| 20:35 | Research | Scale Barding Armor |
| 20:36 | Research | Forging |
| 21:09 | Research | Wheelbarrow |
| 21:11 | Create | Villager (Male) |
| 21:11 | Create | Villager (Male) |
| 22:49 | Research | Castle Age |
| 23:42 | Research | Gold Mining |
| 23:44 | Research | Double-Bit Axe |
| 23:50 | Build | Stable |
| 25:54 | Age | Castle Age |
| 26:00 | Research | Hand Cart |
| 26:03 | Research | Light Cavalry (upgrade) |
| 26:04 | Research | Husbandry |
| 26:06 | Create | Knight |
| 26:07 | Create | Knight |
| 26:07 | Create | Knight |
| 26:09 | Build | Town Center |
| 26:31 | Build | Lumber Camp |
| 26:41 | Create | Villager (Male) |
| 26:42 | Create | Villager (Male) |
| 26:42 | Create | Villager (Male) |
| 27:22 | Create | Knight |
| 27:22 | Create | Knight |
| 27:22 | Create | Knight |
| 27:30 | Create | Knight |
| 27:30 | Create | Knight |
| 27:34 | Build | House |
| 27:40 | Build | House |
| 28:28 | Create | Villager (Male) |
| 28:32 | Create | Villager (Male) |
| 28:50 | Research | Chain Barding Armor |
| 29:13 | Create | Villager (Male) |
| 29:14 | Create | Villager (Male) |
| 29:25 | Build | Farm |
| 29:28 | Build | Farm |
| 29:29 | Create | Villager (Male) |
| 29:30 | Create | Villager (Male) |
| 30:03 | Create | Knight |
| 30:03 | Create | Knight |
| 30:03 | Create | Knight |
| 30:04 | Create | Knight |
| 30:12 | Build | Farm |
| 30:14 | Create | Villager (Male) |
| 30:15 | Create | Villager (Male) |
| 30:18 | Create | Villager (Male) |
| 30:25 | Build | Town Center |
| 30:53 | Build | Farm |
| 30:56 | Build | Farm |
| 30:57 | Create | Villager (Male) |
| 30:57 | Create | Villager (Male) |
| 30:58 | Create | Villager (Male) |
| 30:58 | Create | Villager (Male) |
| 30:58 | Create | Villager (Male) |
| 31:05 | Build | Farm |
| 31:06 | Build | Farm |
| 31:10 | Create | Villager (Male) |
| 31:10 | Create | Villager (Male) |
Build order — Hades
68 actions detected in the replay
| 0:02 | Create | Villager (Male) |
| 0:02 | Create | Villager (Male) |
| 0:03 | Create | Villager (Male) |
| 0:03 | Create | Villager (Male) |
| 0:06 | Build | House |
| 0:07 | Build | House |
| 1:48 | Create | Villager (Male) |
| 1:48 | Create | Villager (Male) |
| 2:17 | Build | Lumber Camp |
| 2:46 | Create | Villager (Male) |
| 3:03 | Create | Villager (Male) |
| 3:03 | Create | Villager (Male) |
| 3:41 | Build | House |
| 3:47 | Create | Villager (Male) |
| 3:47 | Create | Villager (Male) |
| 3:51 | Create | Villager (Male) |
| 4:24 | Create | Villager (Male) |
| 5:40 | Create | Villager (Male) |
| 5:42 | Create | Villager (Male) |
| 6:08 | Research | Loom |
| 6:11 | Build | Mining Camp |
| 7:13 | Research | Feudal Age |
| 7:35 | Build | Barracks |
| 7:47 | Build | House |
| 8:10 | Build | Palisade Wall |
| 9:23 | Age | Feudal Age |
| 9:26 | Create | Villager (Male) |
| 9:26 | Create | Villager (Male) |
| 9:30 | Build | Archery Range |
| 9:32 | Create | Spearman |
| 10:02 | Build | Archery Range |
| 10:11 | Build | Mill |
| 10:29 | Build | Palisade Wall |
| 10:36 | Build | Palisade Wall |
| 10:40 | Create | Archer |
| 10:40 | Create | Archer |
| 10:49 | Build | House |
| 11:13 | Build | Farm |
| 11:37 | Create | Archer |
| 11:57 | Create | Archer |
| 12:14 | Create | Villager (Male) |
| 12:15 | Create | Archer |
| 12:27 | Build | Archery Range |
| 12:48 | Build | Palisade Wall |
| 12:56 | Build | Farm |
| 12:57 | Create | Villager (Male) |
| 13:21 | Create | Archer |
| 13:21 | Create | Archer |
| 13:37 | Create | Archer |
| 13:41 | Build | Farm |
| 13:44 | Build | House |
| 13:47 | Create | Archer |
| 14:07 | Build | Stone Wall |
| 14:28 | Create | Villager (Male) |
| 14:42 | Build | House |
| 14:46 | Create | Archer |
| 15:03 | Build | Farm |
| 15:53 | Build | House |
| 16:17 | Build | Palisade Wall |
| 16:25 | Build | Farm |
| 17:14 | Build | House |
| 17:40 | Build | House |
| 17:47 | Build | Palisade Wall |
| 17:49 | Build | House |
| 17:58 | Build | House |
| 18:38 | Build | House |
| 18:46 | Build | Blacksmith |
| 18:53 | Build | House |
Build order — www.twitch.tv/kei_2025
First 150 of 165 actions detected
| 0:02 | Create | Villager (Male) |
| 0:02 | Create | Villager (Male) |
| 0:03 | Build | House |
| 0:04 | Build | House |
| 0:19 | Create | Villager (Male) |
| 0:19 | Create | Villager (Male) |
| 0:19 | Create | Villager (Male) |
| 1:36 | Create | Villager (Male) |
| 1:36 | Create | Villager (Male) |
| 2:06 | Research | Loom |
| 2:12 | Create | Villager (Male) |
| 2:47 | Create | Villager (Male) |
| 2:47 | Create | Villager (Male) |
| 3:02 | Create | Villager (Male) |
| 3:02 | Create | Villager (Male) |
| 3:13 | Build | Mill |
| 3:19 | Create | Villager (Male) |
| 3:20 | Create | Villager (Male) |
| 4:16 | Create | Villager (Male) |
| 4:16 | Create | Villager (Male) |
| 4:16 | Create | Villager (Male) |
| 4:46 | Build | House |
| 4:53 | Create | Villager (Male) |
| 5:53 | Create | Villager (Male) |
| 6:08 | Create | Villager (Male) |
| 6:15 | Create | Villager (Male) |
| 6:38 | Build | Lumber Camp |
| 7:16 | Research | Feudal Age |
| 8:19 | Build | Mining Camp |
| 8:45 | Build | House |
| 9:26 | Age | Feudal Age |
| 9:28 | Build | Palisade Wall |
| 9:33 | Research | Double-Bit Axe |
| 9:51 | Build | Watch Tower |
| 9:59 | Create | Villager (Male) |
| 10:15 | Create | Villager (Male) |
| 10:45 | Build | Watch Tower |
| 10:50 | Create | Villager (Male) |
| 10:54 | Build | House |
| 11:13 | Create | Villager (Male) |
| 11:19 | Build | Blacksmith |
| 11:24 | Create | Villager (Male) |
| 11:36 | Build | Watch Tower |
| 11:49 | Create | Villager (Male) |
| 12:20 | Research | Fletching |
| 12:50 | Build | Palisade Wall |
| 12:51 | Build | Palisade Wall |
| 12:53 | Build | Palisade Wall |
| 13:17 | Create | Villager (Male) |
| 13:17 | Create | Villager (Male) |
| 13:19 | Build | Mill |
| 13:57 | Build | Palisade Wall |
| 14:01 | Build | Palisade Wall |
| 14:07 | Create | Villager (Male) |
| 14:14 | Build | Market |
| 14:18 | Build | House |
| 14:20 | Build | Farm |
| 14:21 | Build | Farm |
| 14:31 | Build | Watch Tower |
| 15:15 | Build | Watch Tower |
| 15:36 | Create | Villager (Male) |
| 15:37 | Create | Villager (Male) |
| 15:37 | Build | Farm |
| 15:39 | Build | Farm |
| 16:19 | Create | Villager (Male) |
| 16:39 | Build | Farm |
| 16:41 | Research | Horse Collar |
| 16:44 | Create | Villager (Male) |
| 16:54 | Build | Farm |
| 17:20 | Build | Farm |
| 17:21 | Create | Villager (Male) |
| 17:25 | Build | Mining Camp |
| 17:36 | Create | Villager (Male) |
| 18:17 | Create | Villager (Male) |
| 18:18 | Create | Villager (Male) |
| 18:47 | Create | Villager (Male) |
| 18:47 | Build | Farm |
| 18:48 | Create | Villager (Male) |
| 19:07 | Build | Mining Camp |
| 19:31 | Build | House |
| 19:34 | Create | Villager (Male) |
| 19:35 | Build | Farm |
| 19:50 | Build | Farm |
| 19:52 | Create | Villager (Male) |
| 20:15 | Build | Watch Tower |
| 20:54 | Create | Villager (Male) |
| 20:55 | Build | Farm |
| 20:55 | Build | Farm |
| 20:57 | Build | Farm |
| 20:58 | Create | Villager (Male) |
| 21:28 | Build | Farm |
| 21:30 | Build | Mining Camp |
| 21:35 | Create | Villager (Male) |
| 21:52 | Build | Farm |
| 22:11 | Build | Farm |
| 22:31 | Research | Castle Age |
| 23:10 | Research | Stone Mining |
| 23:53 | Build | House |
| 25:06 | Create | Villager (Male) |
| 25:06 | Create | Villager (Male) |
| 25:11 | Age | Castle Age |
| 25:25 | Build | Castle |
| 25:34 | Research | Bodkin Arrow |
| 25:40 | Build | Town Center |
| 26:28 | Build | Mining Camp |
| 26:34 | Create | Villager (Male) |
| 26:35 | Create | Villager (Male) |
| 26:37 | Create | Villager (Male) |
| 26:38 | Create | Villager (Male) |
| 26:51 | Build | Siege Workshop |
| 27:01 | Research | Gold Mining |
| 27:03 | Create | Villager (Male) |
| 27:06 | Create | Villager (Male) |
| 27:39 | Build | Monastery |
| 27:51 | Build | Stone Wall |
| 28:05 | Create | War Wagon |
| 28:08 | Create | Villager (Male) |
| 28:39 | Create | Iron Pagoda |
| 28:54 | Create | War Wagon |
| 28:55 | Create | War Wagon |
| 29:07 | Create | Monk |
| 29:10 | Create | Villager (Male) |
| 29:20 | Research | Bow Saw |
| 29:40 | Create | War Wagon |
| 29:44 | Create | Villager (Male) |
| 29:58 | Build | University |
| 30:01 | Build | Farm |
| 30:07 | Create | Iron Pagoda |
| 30:10 | Create | War Wagon |
| 30:36 | Create | Villager (Male) |
| 30:38 | Create | Villager (Male) |
| 31:19 | Create | War Wagon |
| 31:28 | Create | War Wagon |
| 31:33 | Create | War Wagon |
| 31:33 | Create | War Wagon |
| 31:37 | Research | Scale Barding Armor |
| 31:38 | Create | Villager (Male) |
| 31:42 | Build | Farm |
| 31:43 | Build | Farm |
| 31:46 | Build | Lumber Camp |
| 32:37 | Create | Iron Pagoda |
| 32:39 | Create | Villager (Male) |
| 32:40 | Create | Villager (Male) |
| 32:46 | Research | Heavy Plow |
| 32:49 | Create | Monk |
| 32:56 | Create | War Wagon |
| 33:29 | Build | Mining Camp |
| 33:41 | Create | Villager (Male) |
| 33:43 | Build | Farm |
| 33:46 | Create | Villager (Male) |
Build order — _Snake_Khan_
First 150 of 192 actions detected
| 0:00 | Create | Villager (Male) |
| 0:00 | Create | Villager (Male) |
| 0:02 | Build | House |
| 0:04 | Build | House |
| 0:18 | Create | Villager (Male) |
| 0:19 | Create | Villager (Male) |
| 0:19 | Create | Villager (Male) |
| 1:37 | Create | Villager (Male) |
| 1:59 | Build | Mill |
| 2:05 | Create | Villager (Male) |
| 2:19 | Create | Villager (Male) |
| 2:19 | Create | Villager (Male) |
| 2:57 | Create | Villager (Male) |
| 3:51 | Create | Villager (Male) |
| 3:52 | Create | Villager (Male) |
| 3:52 | Create | Villager (Male) |
| 3:52 | Create | Villager (Male) |
| 5:19 | Create | Villager (Male) |
| 5:19 | Create | Villager (Male) |
| 5:19 | Create | Villager (Male) |
| 5:20 | Create | Villager (Male) |
| 5:20 | Create | Villager (Male) |
| 5:30 | Build | Lumber Camp |
| 5:44 | Build | Lumber Camp |
| 6:18 | Create | Villager (Male) |
| 6:18 | Create | Villager (Male) |
| 6:35 | Build | House |
| 6:46 | Create | Villager (Male) |
| 6:46 | Create | Villager (Male) |
| 6:46 | Create | Villager (Male) |
| 6:47 | Create | Villager (Male) |
| 6:47 | Create | Villager (Male) |
| 7:05 | Build | Mill |
| 7:13 | Create | Villager (Male) |
| 7:58 | Research | Feudal Age |
| 7:59 | Research | Loom |
| 8:23 | Build | Farm |
| 8:24 | Build | Farm |
| 8:25 | Build | Farm |
| 8:49 | Build | Palisade Wall |
| 8:57 | Build | Palisade Wall |
| 9:18 | Build | Palisade Wall |
| 9:27 | Build | Palisade Wall |
| 10:00 | Build | Palisade Wall |
| 10:05 | Build | Palisade Wall |
| 10:08 | Age | Feudal Age |
| 10:15 | Build | Barracks |
| 10:18 | Create | Villager (Male) |
| 10:18 | Create | Villager (Male) |
| 10:24 | Build | Palisade Wall |
| 10:30 | Research | Double-Bit Axe |
| 10:54 | Create | Villager (Male) |
| 10:55 | Create | Villager (Male) |
| 11:10 | Build | Mill |
| 11:33 | Build | Stable |
| 11:37 | Create | Villager (Male) |
| 11:40 | Create | Spearman |
| 11:40 | Create | Spearman |
| 11:53 | Build | Farm |
| 12:05 | Build | Farm |
| 12:23 | Build | Farm |
| 12:28 | Create | Scout Cavalry |
| 12:28 | Create | Scout Cavalry |
| 12:29 | Create | Scout Cavalry |
| 12:43 | Build | Farm |
| 12:44 | Create | Villager (Male) |
| 12:45 | Create | Villager (Male) |
| 13:16 | Build | Farm |
| 13:19 | Create | Villager (Male) |
| 13:28 | Build | Stable |
| 13:41 | Build | Farm |
| 13:45 | Create | Villager (Male) |
| 13:45 | Create | Villager (Male) |
| 13:50 | Create | Spearman |
| 13:50 | Create | Spearman |
| 14:06 | Create | Scout Cavalry |
| 14:12 | Build | Farm |
| 14:32 | Build | House |
| 14:35 | Create | Scout Cavalry |
| 14:36 | Create | Scout Cavalry |
| 14:36 | Create | Scout Cavalry |
| 15:01 | Build | Blacksmith |
| 15:28 | Create | Scout Cavalry |
| 15:28 | Create | Scout Cavalry |
| 15:29 | Create | Scout Cavalry |
| 15:41 | Build | Mining Camp |
| 15:44 | Create | Villager (Male) |
| 15:44 | Create | Villager (Male) |
| 15:48 | Build | House |
| 15:49 | Build | House |
| 15:50 | Build | House |
| 16:26 | Research | Scale Barding Armor |
| 16:31 | Create | Villager (Male) |
| 16:57 | Build | Mill |
| 17:11 | Research | Forging |
| 17:34 | Create | Scout Cavalry |
| 17:37 | Create | Scout Cavalry |
| 17:37 | Create | Scout Cavalry |
| 17:43 | Build | Farm |
| 17:56 | Build | Farm |
| 17:57 | Build | Farm |
| 18:22 | Create | Scout Cavalry |
| 18:22 | Create | Scout Cavalry |
| 18:23 | Create | Scout Cavalry |
| 18:27 | Build | Farm |
| 18:41 | Create | Scout Cavalry |
| 19:46 | Create | Scout Cavalry |
| 19:47 | Create | Scout Cavalry |
| 19:47 | Create | Scout Cavalry |
| 19:47 | Create | Scout Cavalry |
| 19:47 | Create | Scout Cavalry |
| 19:48 | Create | Scout Cavalry |
| 19:57 | Create | Villager (Male) |
| 19:57 | Create | Villager (Male) |
| 20:10 | Build | Watch Tower |
| 20:28 | Create | Spearman |
| 20:28 | Create | Spearman |
| 20:28 | Create | Spearman |
| 20:35 | Build | Farm |
| 21:14 | Create | Scout Cavalry |
| 21:15 | Create | Scout Cavalry |
| 21:15 | Create | Scout Cavalry |
| 21:15 | Create | Scout Cavalry |
| 21:22 | Create | Spearman |
| 21:22 | Create | Spearman |
| 21:50 | Research | Fletching |
| 21:59 | Create | Scout Cavalry |
| 22:26 | Create | Villager (Male) |
| 22:26 | Create | Villager (Male) |
| 22:26 | Create | Villager (Male) |
| 22:31 | Build | Farm |
| 22:33 | Build | Farm |
| 22:54 | Create | Spearman |
| 22:54 | Create | Spearman |
| 22:54 | Create | Spearman |
| 22:54 | Create | Spearman |
| 23:25 | Create | Scout Cavalry |
| 23:26 | Create | Scout Cavalry |
| 23:31 | Build | Farm |
| 23:33 | Build | Farm |
| 23:35 | Create | Villager (Male) |
| 23:41 | Build | Farm |
| 23:43 | Build | Farm |
| 23:48 | Create | Scout Cavalry |
| 23:58 | Build | Lumber Camp |
| 24:33 | Build | Market |
| 25:49 | Research | Castle Age |
| 25:56 | Build | Mining Camp |
| 26:01 | Create | Scout Cavalry |
| 26:01 | Create | Scout Cavalry |
Match timeline
| 5:36 | Feathers McGraw · first_building Barracks |
| 7:35 | Hades · first_building Barracks |
| 7:48 | THSs | KarlStrange · first_building Barracks |
| 8:10 | Hades · wall_segment Palisade Wall x11 |
| 8:49 | _Snake_Khan_ · wall_segment Palisade Wall x3 |
| 8:55 | Feathers McGraw · wall_segment Palisade Wall x1 |
| 8:55 | Feathers McGraw · wall_segment Palisade Wall x1 |
| 8:57 | _Snake_Khan_ · wall_segment Palisade Wall x8 |
| 9:16 | Lord_Juanuribe · first_building Barracks |
| 9:18 | _Snake_Khan_ · wall_segment Palisade Wall x4 |
| 9:23 | Hades · age_up feudal |
| 9:25 | THSs | KarlStrange · age_up feudal |
| 9:26 | www.twitch.tv/kei_2025 · age_up feudal |
| 9:27 | THSs | KarlStrange · first_building Archery Range |
| 9:27 | _Snake_Khan_ · wall_segment Palisade Wall x5 |
| 9:28 | www.twitch.tv/kei_2025 · wall_segment Palisade Wall x8 |
| 9:30 | Hades · first_building Archery Range |
| 9:45 | Feathers McGraw · age_up feudal |
| 10:00 | _Snake_Khan_ · wall_segment Palisade Wall x6 |
| 10:04 | Feathers McGraw · first_building Archery Range |
| 10:05 | _Snake_Khan_ · wall_segment Palisade Wall x1 |
| 10:08 | _Snake_Khan_ · age_up feudal |
| 10:15 | _Snake_Khan_ · first_building Barracks |
| 10:20 | Lord_Juanuribe · age_up feudal |
| 10:24 | _Snake_Khan_ · wall_segment Palisade Wall x2 |
| 10:29 | Hades · wall_segment Palisade Wall x1 |
| 10:34 | Lord_Juanuribe · first_building Stable |
| 10:36 | Hades · wall_segment Palisade Wall x1 |
| 10:52 | Lord_Juanuribe · wall_segment Palisade Wall x8 |
| 11:19 | Lord_Juanuribe · wall_segment Palisade Wall x1 |
| 11:33 | _Snake_Khan_ · first_building Stable |
| 12:48 | Hades · wall_segment Palisade Wall x1 |
| 12:50 | www.twitch.tv/kei_2025 · wall_segment Palisade Wall x1 |
| 12:51 | www.twitch.tv/kei_2025 · wall_segment Palisade Wall x1 |
| 12:53 | www.twitch.tv/kei_2025 · wall_segment Palisade Wall x1 |
| 13:57 | www.twitch.tv/kei_2025 · wall_segment Palisade Wall x1 |
| 14:01 | www.twitch.tv/kei_2025 · wall_segment Palisade Wall x1 |
| 14:07 | Hades · wall_segment Stone Wall x1 |
| 16:17 | Hades · wall_segment Palisade Wall x8 |
| 17:38 | THSs | KarlStrange · first_market_sell 100 food |
| 17:39 | THSs | KarlStrange · first_market_buy 100 stone |
| 17:47 | Hades · wall_segment Palisade Wall x1 |
| 19:12 | Hades · resign |
| 21:19 | THSs | KarlStrange · wall_segment Palisade Wall x1 |
| 22:00 | www.twitch.tv/kei_2025 · first_market_sell 100 wood |
| 22:38 | THSs | KarlStrange · wall_segment Palisade Wall x1 |
| 23:51 | THSs | KarlStrange · age_up castle |
| 23:57 | THSs | KarlStrange · first_building Siege Workshop |
| 24:09 | Feathers McGraw · wall_segment Palisade Wall x10 |
| 24:51 | Feathers McGraw · age_up castle |
| 25:01 | Feathers McGraw · first_building Castle |
| 25:07 | Feathers McGraw · first_building Siege Workshop |
| 25:11 | www.twitch.tv/kei_2025 · age_up castle |
| 25:25 | www.twitch.tv/kei_2025 · first_building Castle |
| 25:41 | _Snake_Khan_ · first_market_buy 100 wood |
| 25:54 | Lord_Juanuribe · age_up castle |
| 26:08 | Feathers McGraw · first_market_sell 100 food |
| 26:51 | www.twitch.tv/kei_2025 · first_building Siege Workshop |
| 27:39 | www.twitch.tv/kei_2025 · first_building Monastery |
| 27:43 | www.twitch.tv/kei_2025 · first_market_buy 100 wood |
| 27:51 | www.twitch.tv/kei_2025 · wall_segment Stone Wall x8 |
| 28:03 | Feathers McGraw · first_market_buy 100 wood |
| 28:29 | _Snake_Khan_ · age_up castle |
| 29:12 | Feathers McGraw · first_building Monastery |
| 29:27 | _Snake_Khan_ · first_building Castle |
| 30:36 | _Snake_Khan_ · first_market_sell 100 food |
| 32:43 | THSs | KarlStrange · first_building Castle |
| 35:00 | www.twitch.tv/kei_2025 · first_building Barracks |
[ AI ANALYSIS · 1 CREDIT ]
What really happened in this match?
Wolo.gg analyzes every decision: build order, eco, micro, common mistakes by bracket. Personalized analysis on WhatsApp or Discord in 30 seconds.
Civ guide
Japanese
Map guide
Socotra
Perfil
Jugador #22794241